 Dungeon Crawl Stone Soup version 0.17.0-26-gececa24 (console) character file.

60 gw the Chiller (level 3, 0/28 HPs)
             Began as a Demigod Ice Elementalist on Nov 19, 2015.
             Slain by a centaur zombie (3 damage)
             ... on level 2 of the Dungeon.
             The game lasted 00:02:04 (3174 turns).

gw the Chiller (Demigod Ice Elementalist)           Turns: 3174, Time: 00:02:04

Health: 0/28       AC:  3    Str: 10 (11) XL:     3   Next: 55%
Magic:  1/9        EV: 12    Int: 21      God:
Gold:   120        SH:  0    Dex: 16      Spells: 3 memorised, 1 level left

rFire  . . .     SeeInvis .     a - +0 dagger (pain)
rCold  . . .     Clarity  .     o - +0 robe (curse)
rNeg   . . .     SustAt   +     (no shield)
rPois  .         Gourm    .     (no helmet)
rElec  .         Spirit   .     (no cloak)
rCorr  .         Warding  .     p - +0 pair of gloves
rMut   .         Stasis   .     (no boots)
MR     .....                    (no amulet)
Stlth  ++........               (no ring)
                                (no ring)

@: very slightly contaminated, hasted, very quick, not resistant to hostile
enchantments, unstealthy
A: high mp 1, sustain attributes
a: no special abilities


You were on level 2 of the Dungeon.
You were not hungry.

You visited 1 branch of the dungeon, and saw 3 of its levels.

You collected 120 gold pieces.

Inventory:

Hand Weapons
 a - a +0 dagger of pain (weapon)
Missiles
 k - 18 bolts
Armour
 o - a cursed +0 robe (worn)
 p - a +0 pair of gloves (worn)
Scrolls
 e - a scroll of teleportation {unknown}
 f - a scroll of remove curse
 l - a scroll of identify
 n - a scroll of magic mapping
Potions
 b - a potion of berserk rage {unknown}
 q - a potion of resistance
Books
 d - a book of Frost

   Spells                             Type                      Level
   a - Freeze                         Ice                          1
   b - Throw Frost                    Conjuration/Ice              2
   c - Ozocubu's Armour               Charms/Ice                   3
   d - Throw Icicle                   Conjuration/Ice              4
   e - Summon Ice Beast               Ice/Summoning                4
   f - Condensation Shield            Ice                          4
Comestibles
 j - 4 meat rations


   Skills:
 + Level 1.0 Fighting
 + Level 1.1 Short Blades
 + Level 0.8 Armour
 - Level 1.7 Dodging
 - Level 1.7 Stealth
 * Level 2.5 Spellcasting
 - Level 0.8 Conjurations
 + Level 3.0 Ice Magic


You had one spell level left.
You knew the following spells:

 Your Spells              Type           Power        Failure   Level  Hunger
a - Freeze                Ice            ###.         4%          1    None
b - Throw Frost           Conj/Ice       ##....       12%         2    ##.....
c - Ozocubu's Armour      Chrm/Ice       #.......     24%         3    ###....


Dungeon Overview and Level Annotations

Branches:
Dungeon (3/15)

Annotations:
D:3 gw's ghost, amateur DrTm


Innate Abilities, Weirdness & Mutations

You have an increased reservoir of magic (+10% MP).
Your attributes are resistant to harm.


Message History

ATTACKING (0,-1)
You hit the centaur zombie. The centaur zombie hits you.
FLEEEEING!
MOVING TO (0,1) MOVING TO (0,1) MOVING TO (0,1) MOVING TO (7,3) MOVING TO (6,2) MOVING TO (5,3) MOVING TO (4,2) MOVING TO (3,1) FLEEEEING!
MOVING TO (2,1) MOVING TO (1,1)
A ball python comes into view.
MOVING TO (-4,-7) MOVING TO (-4,-6) MOVING TO (-4,-5)
The centaur zombie hits you.
You die...

#.............>..##.###.......
#................##.##.)......
#................##.....#...##
##..............#..[.......###
##.....##...........##....#..
###.#.##.###.......##....#>#
#.#.##........S...........
##.#Z###.#........##.....##
#....#....p..............#
#...#.....Z........#..(..#
#...#..............#.....#
#####....##........#..##.#
#....###....####.....# ######
###### ##.#### ###


You could see a centaur zombie and a ball python.

Table legend:
 A = Turns spent in this place as a percentage of turns spent in the entire game.
 B = Non-inter-level travel turns spent in this place as a percentage of non-inter-level travel turns spent in the entire game.
 C = Inter-level travel turns spent in this place as a percentage of turns spent in this place.
 D = Turns resting spent in this place as a percentage of non-inter-level travel turns spent in this place.
 E = Turns spent auto-exploring this place as a percentage of non-inter-level travel turns spent in this place.
 F = Non-inter-level travel turns spent in this place divided by the number of levels of this place that you've seen.
                   A       B       C       D       E      F
               +-------+-------+-------+-------+-------+----------------------
         Total | 100.0 | 100.0 |   0.5 |   2.9 |   2.4 | 1427.3
       Dungeon | 100.0 | 100.0 |   0.5 |   2.9 |   2.4 | 1427.3
               +-------+-------+-------+-------+-------+----------------------

Table legend:
 A = Kills in this place as a percentage of kills in entire the game.
 B = Kills by you in this place as a percentage of kills by you in the entire game.
 C = Kills by friends in this place as a percentage of kills by friends in the entire game.
 D = Other kills in this place as a percentage of other kills in the entire game.
 E = Experience gained in this place as a percentage of experience gained in the entire game.
 F = Experience gained in this place divided by the number of levels of this place that you have seen.
                   A       B       C       D       E      F
               +-------+-------+-------+-------+-------+----------------------
         Total | 100.0 | 100.0 |  -nan |  -nan | 100.0 |  28.7
       Dungeon | 100.0 | 100.0 |  -nan |  -nan | 100.0 |  28.7
               +-------+-------+-------+-------+-------+----------------------

Vanquished Creatures
  A worm (D:2)
  A giant gecko (D:2)
  10 bats
  4 giant cockroaches
  8 goblins
  9 hobgoblins
  A quokka (D:3)
  7 giant newts (D:1)
  6 kobolds
  7 rats
54 creatures vanquished.

Notes
Turn   | Place    | Note
--------------------------------------------------------------
     0 | D:1      | gw the Demigod Ice Elementalist began the quest for the Orb.
     0 | D:1      | Reached XP level 1. HP: 14/14 MP: 5/5
   426 | D:1      | Reached XP level 2. HP: 20/20 MP: 4/7
   458 | D:1      | Learned a level 2 spell: Throw Frost
  1413 | D:1      | Reached XP level 3. HP: 25/27 MP: 0/9
  1497 | D:1      | Learned a level 3 spell: Ozocubu's Armour
  2164 | D:2      | Found a shimmering altar of Xom.
  2299 | D:2      | Reached skill level 1 in Fighting
  2364 | D:2      | Reached skill level 1 in Short Blades
  2748 | D:2      | Found a shimmering altar of Xom.
  2781 | D:2      | Reached skill level 3 in Ice Magic
  3113 | D:3      | Noticed gw's ghost (amateur DrTm)
  3174 | D:2      | Slain by a centaur zombie

Action                   || total
-------------------------++-------
Melee: Dagger            ||    38
       Short sword       ||     5
 Cast: Freeze            ||    42
       Throw Frost       ||    60
       Ozocubu's Armour  ||     1
  Use: Scroll            ||     8
       Potion            ||     7
  Eat: Chunk             ||    10
       Bread ration      ||     1

Vault maps used:
D:1:      minmay_arrival_diagonal_passages, hangedman_decor_growths
D:2:      xom_redecorated
D:3:      first_bread
